 Dungeon Crawl Stone Soup version 0.28-a0-1505-g8c907de6ad (webtiles) character file.

Game seed: 13558380929845100315

8 kae the Insei (level 2, -2/21 HPs)
             Began as a Demonspawn Transmuter on Jan 13, 2022.
             Frozen to death by an endoplasm (5 damage)
             ... on level 1 of the Dungeon.
             The game lasted 00:00:09 (378 turns).

kae the Insei (Demonspawn Transmuter)                Turns: 378, Time: 00:00:09

Health: -2/21      AC:  2    Str: 10    XL:     2   Next: 0%
Magic:  3/5        EV: 12    Int: 14    God:
Gold:   15         SH:  0    Dex: 13    Spells: 4/5 levels left

rFire   . . .      SeeInvis .     - Unarmed
rCold   . . .      Faith    .   (no shield)
rNeg    . . .      Spirit   .   a - +0 robe
rPois   .          Reflect  .   (helmet currently unavailable)
rElec   .          Harm     .   (no cloak)
rCorr   .          Rampage  .   (no gloves)
Will    .....                   (boots currently unavailable)
Stlth   +.........              (no amulet)
HPRegen 0.07/turn               (no ring)
MPRegen 0.09/turn               (no ring)

@: appendages
A: horns 2, talons 2, demonic guardian 1
a: End Transformation


You were on level 1 of the Dungeon.
You had temporarily grown beastly horns and talons.
You visited 1 branch of the dungeon, and saw 1 of its levels.

You collected 15 gold pieces.

Inventory:

Armour
 a - a +0 robe (worn)
Potions
 b - 2 potions of attraction {unknown}
 c - a potion of might {unknown}


   Skills:
 + Level 1.2 Fighting
 + Level 1.9 Dodging
 * Level 2.9 Unarmed Combat
 + Level 2.0 Spellcasting
 * Level 2.0 Transmutations


You had 4 spell levels left.
You knew the following spells:

 Your Spells              Type           Power      Damage    Failure   Level
a - Beastly Appendage     Tmut           14%        N/A       11%         1

Your spell library contained the following spells:

 Spells                   Type           Power      Damage    Failure   Level
 Wereblood                Tmut           7%         N/A       16%         2
 Spider Form              Tmut/Pois      4%         N/A       43%         3
 Ice Form                 Ice/Tmut       4%         N/A       83%         4


Dungeon Overview and Level Annotations

Branches:
Dungeon (1/15)

Altars:


Innate Abilities, Weirdness & Mutations

You have temporarily grown beastly horns and talons.
A weak demonic guardian rushes to your aid.


Message History

You are frozen.
You hit the endoplasm but do no damage. The endoplasm freezes you.
You are frozen.
There are monsters nearby!
There are monsters nearby!
You are too injured to fight recklessly!
You are too injured to fight recklessly!
There are monsters nearby!
You hit the endoplasm.
The endoplasm is severely wounded.
The endoplasm freezes you.
You are frozen.
* * * LOW HITPOINT WARNING * * *
You hit the endoplasm.
You kill the endoplasm!
Your Transmutations skill increases to level 2!
Casting: Beastly Appendage (safe; 11% risk of failure)
Confirm with . or Enter, or press ? or * to list all spells.
You grow a pair of large bovine horns.
Your feet morph into talons.
The endoplasm closely misses you.
You hit the endoplasm. Your kick misses the endoplasm.
The endoplasm is lightly wounded.
The endoplasm misses you.
You completely miss the endoplasm. You claw the endoplasm.
The endoplasm is moderately wounded.
The endoplasm freezes you.
You are frozen.
* * * LOW HITPOINT WARNING * * *
You hit the endoplasm.
You kill the endoplasm!
You have reached level 2!
Your demonic ancestry asserts itself...
You feel the presence of a demonic guardian.
You hit the endoplasm but do no damage. You claw the endoplasm.
You headbutt the endoplasm.
The endoplasm is almost dead.
The endoplasm freezes you.
You are frozen.
You die...

...... #.#
.....####.# # .#
#+#....#.#.#....
...##.####.#.....#
................#.#.#
#....######.##†#.#.#
..........#....#.# #
#.......#.#......#.
........#@#........
........#J#........
...................
....$J....#.........
...................
.......#....#######
.......#.....!.
.......##.#####
....... ..#


You could see an endoplasm.

Vanquished Creatures
  2 endoplasms (D:1)
  A hobgoblin (D:1)
  A quokka (D:1)
  2 ball pythons (D:1)
  A rat (D:1)
7 creatures vanquished.

Notes
Turn   | Place    | Note
-------+----------+-------------------------------------------
     0 | D:1      | kae the Demonspawn Transmuter began the quest for the Orb.
     0 | D:1      | Reached XP level 1. HP: 15/15 MP: 3/3
   378 | D:1      | Gained mutation: A weak demonic guardian rushes to your
                  | aid. [demonic ancestry]
   378 | D:1      | Reached XP level 2. HP: 3/21 MP: 3/5
   378 | D:1      | Frozen to death by an endoplasm

Illustrated notes

Levels and vault maps discovered:
D:1:      minmay_arrival_loop, layout_basic, serial_corexii_hall,
          corexii_hall_statues_l, corexii_hall_statues_u,
          shapermc_ecumenical_altar_petra, serial_bayou_lagoon_a

Skill      XL: |  1 |
---------------+----+-----
Transmutations | 2 |  2.0
Fighting       | |  1.2
Dodging        | |  1.9
Unarmed Combat | |  2.9
Spellcasting   | |  2.0

Action                   || total
-------------------------++-------
Melee: Unarmed           ||    16
       Kick              ||     5
       Headbutt          ||     1
 Cast: Beastly Appendage ||     5
Dodge: Dodged            ||     9

Table legend: (Time is in decaauts)
 A = Elapsed time spent in this place.
 B = Non-inter-level travel time spent in this place.
 C = Inter-level travel time spent in this place.
 D = Time resting spent in this place.
 E = Time spent auto-exploring this place.
 F = Levels seen in this place.
 G = Mean time per level.
                   A        B        C        D        E       F      G
               +--------+--------+--------+--------+--------+-----+--------+
         Total |    384 |    384 |      0 |      0 |    330 |   1 |  384.0 |
       Dungeon |    384 |    384 |      0 |      0 |    330 |   1 |  384.0 |
               +--------+--------+--------+--------+--------+-----+--------+

Top non-repeatable levels by time:
     D:1: 384 daAuts
